 Dungeon Crawl Stone Soup version 0.15-a0-963-gb693d2a (console) character file.

53 dragonslair the Cudgeler (level 3, -3/23 HPs)
             Began as a Gargoyle Berserker on May 22, 2014.
             Was a Follower of Trog.
             Slain by a worker ant (6 damage)
             ... on Level 4 of the Dungeon.
             The game lasted 00:03:19 (532 turns).

dragonslair the Cudgeler (Gargoyle Berserker)        Turns: 532, Time: 00:03:20

HP  -3/23        AC  5     Str 21      XL: 3   Next: 87%
MP   3/3         EV 11     Int  8      God: Trog [*.....]
Gold 69          SH  0     Dex 12      Spells:  0 memorised,  2 levels left

rFire  . . .     SeeInvis .     a - +0 mace
rCold  . . .     Clarity  .     i - -1 leather armour of the Yeti {Dex+3 Int+1}
rNeg   + . .     Conserve .     (no shield)
rPois  +         rCorr    .     (no helmet)
rElec  +         rRot     +     (no cloak)
SustAb .         Spirit   .     (no gloves)
rMut   .         Warding  .     (no boots)
Gourm  .         Stasis   .     (no amulet)
MR     .....                    (no ring)
                                (no ring)

@: not resistant to hostile enchantments, very unstealthy
A: life protection 1, electricity resistance, unbreathing, petrification
resistance, AC +3
a: Burn Spellbooks, Berserk, Renounce Religion


You were on level 4 of the Dungeon.
You worshipped Trog.
Trog was aware of your devotion.
You were hungry.

You visited 2 branches of the dungeon, and saw 6 of its levels.

You collected 69 gold pieces.

Inventory:

Hand weapons
 a - a +0,+0 mace (weapon)
 g - a +3 blowgun
Missiles
 e - 2 throwing nets (quivered)
Armour
 b - a +0 animal skin
 h - a +0 ring mail
 i - the cursed -1 leather armour of the Yeti (worn) {Dex+3 Int+1}
   (You found it on level 4 of the Dungeon)

   It affects your intelligence (+1).
   It affects your dexterity (+3).
   It has a curse placed upon it.
 j - a +0 chain mail
Comestibles
 c - a bread ration
 f - a meat ration
Scrolls
 d - a scroll of random uselessness
Potions
 k - a potion of heal wounds {unknown}


   Skills:
 - Level 3.2 Fighting
 + Level 5.1 Maces & Flails
 - Level 2.1 Armour
 - Level 1.5 Dodging


You had 2 spell levels left.
You didn't know any spells.

Dungeon Overview and Level Annotations

Branches:
Dungeon (5/15)             Temple (1/1) D:5

Altars:
Ashenzari
Dithmenos
Elyvilon
Makhleb
Qazlal
Xom
Yredelemnul
Zin

Annotations:
D:5 Iamburgie's ghost, experienced GrFi


Innate Abilities, Weirdness & Mutations

You are resistant to torment.
You are immune to poison.
You are immune to rotting.
Your stone body is very resilient (AC +3).
You resist negative energy.
You are resistant to electric shocks.
You can survive without breathing.
You are immune to petrification.


Message History

The hound skeleton bites you.
You hit the hound skeleton.
The hound skeleton bites you but does no damage.
You sock the hound skeleton! The hound skeleton closely misses you.
The worker ant waves its antennae.
The hound skeleton barely misses you. The worker ant bites you.
The hound skeleton bites you.
The worker ant bites you but does no damage.
You climb upwards.
There is a stone staircase leading down here.
You hit the worker ant.
The worker ant is lightly wounded.
The worker ant bites you.
You thump the worker ant!
The worker ant is almost dead.
The worker ant bites you.
* * * LOW HITPOINT WARNING * * *
The worker ant waves its antennae.
The worker ant bites you.
You die...

#...#.##..##.....>
######...##.######...
#...##..#...# #...
#..........## ##..
#.........## ##[
.#..######.......# #.
.........#.......###### ##.
##.##............##...####..
#......@.....##.....##.#
#...#..a...............#
#.........##.####...####
#.....#....##.# ##### .
...####....##.# # ..
......... #####..... ......
.....


You could see a worker ant.

Vanquished Creatures
  A giant frog skeleton (D:4)
  An adder (D:5)
  An orc (D:5)
  A ball python (D:4)
  3 giant cockroaches
  4 kobolds
  A giant newt (D:2)
  A goblin (D:2)
  A goblin skeleton (D:4)
  A kobold skeleton (D:4)
  A quokka (D:2)
  2 rats (D:4)
18 creatures vanquished.

Notes
Turn   | Place    | Note
--------------------------------------------------------------
     0 | D:1      | dragonslair, the Gargoyle Berserker, began the quest for the Orb.
     0 | D:1      | Reached XP level 1. HP: 14/14 MP: 1/1
     5 | D:2      | Found a glowing silver altar of Zin.
   123 | D:3      | Reached XP level 2. HP: 10/19 MP: 2/2
   211 | D:4      | Reached skill level 4 in Maces & Flails
   297 | D:4      | Reached XP level 3. HP: 23/23 MP: 3/3
   309 | D:4      | Got a shimmering leather armour
   319 | D:4      | Identified the cursed -1 leather armour of the Yeti {Dex+3 Int+1} (You found it on level 4 of the Dungeon)
   341 | D:5      | Entered Level 5 of the Dungeon
   363 | D:5      | Reached skill level 5 in Maces & Flails
   387 | D:5      | Found a staircase to the Ecumenical Temple.
   392 | Temple   | Entered the Ecumenical Temple
   496 | D:5      | Noticed Iamburgie's ghost (experienced GrFi)
   532 | D:4      | Slain by a worker ant

Action                   || total
-------------------------++-------
Melee: Mace              ||    65
Invok: Berserk           ||     2
  Use: Scroll            ||     1
